 Dungeon Crawl Stone Soup version 0.25-a0-890-g62861fb (webtiles) character file.

Game seed: 17901735145473740887, levelgen mode: deterministic

116 BlueFish the Insei (level 5, -1/34 HPs)
             Began as an Octopode Transmuter on May 6, 2020.
             Slain by an orc
             ... wielding a +0 dagger
              (6 damage)
             ... on level 1 of the Dungeon.
             The game lasted 00:03:10 (1420 turns).

BlueFish the Insei (Octopode Transmuter)            Turns: 1420, Time: 00:03:11

Health: -1/34      AC:  1    Str: 10    XL:     5   Next: 0%
Magic:  1/8        EV: 14    Int: 15    God:
Gold:   67         SH:  0    Dex: 13    Spells: 3/9 levels left

rFire    . . .     SeeInvis .     - Unarmed
rCold    . . .     Gourm    .   (no shield)
rNeg     . . .     Faith    .   (helmet restricted)
rPois    .         Spirit   .   (no amulet)
rElec    .         Reflect  .   (no ring)
rCorr    .         Harm     .   (no ring)
MR       .....                  (no ring)
Stlth    +++.......             (no ring)
HPRegen  0.11/turn              (no ring)
MPRegen  0.11/turn              (no ring)
                                (no ring)
                                (no ring)

@: appendage, very slightly contaminated
A: almost no armour, stealthy swim, amphibious, 8 rings, constrict 8, tentacle
spike 3, camouflage 1, gelatinous body 1
a: End Transformation


You were on level 1 of the Dungeon.
You were hungry.
One of your tentacles had a temporary spike.
You visited 1 branch of the dungeon, and saw 2 of its levels.

You collected 67 gold pieces.

Inventory:

Missiles
 a - 15 arrows
Scrolls
 e - 2 scrolls of teleportation {unknown}
 f - 2 scrolls of identify {unknown}
 g - a scroll of amnesia {unknown}
Potions
 h - a potion of flight {unknown}
 i - a potion of magic {unknown}
 j - 2 potions of curing {unknown}
Comestibles
 b - 7 chunks of flesh
 c - 4 rations


   Skills:
 * Level 1.8 Fighting
 * Level 2.4 Dodging
 * Level 1.9 Stealth
 * Level 3.9 Unarmed Combat
 + Level 2.5 Spellcasting
 * Level 2.7 Transmutations


You had 3 spell levels left.
You knew the following spells:

 Your Spells              Type           Power        Failure   Level  Hunger
a - Beastly Appendage     Tmut           ##....       7%          1    #......
b - Sticks to Snakes      Tmut           ##......     11%         2    ###....
c - Spider Form           Tmut/Pois      #.........   36%         3    ###....

Your spell library contained the following spells:

 Spells                   Type           Power        Failure   Level  Hunger
 Ice Form                 Ice/Tmut       #.......     77%         4    #####..
 Blade Hands              Tmut           ##........   88%         5    ######.


Dungeon Overview and Level Annotations

Branches:
Dungeon (2/15)

Altars:


Innate Abilities, Weirdness & Mutations

You cannot wear most types of armour.
You are very stealthy in the water. (Stealth+)
You are amphibious.
You can wear up to eight rings at the same time.
You can use your tentacles to constrict eight enemies at once.
Your skin changes colour to match your surroundings (Stealth+).
Your rubbery body absorbs attacks. (AC +1, EV +1)
One of your tentacles bears a large vicious spike.


Message History

You have reached level 5!
You feel agile.
You feel a bit more experienced.
There is a stone staircase leading up here.
The orc hits you with a +0 dagger.
* * * LOW HITPOINT WARNING * * *
You climb upwards.
There is a stone staircase leading down here.
Casting: Sticks to Snakes (safe; 11% risk of failure)
Confirm with . or Enter, or press ? or * to list all spells.
One of your tentacles grows a vicious spike.
You are feeling hungry.
The orc hits you with a +0 dagger.
* * * LOW HITPOINT WARNING * * *
You closely miss the orc. You grab the orc.
You pierce the orc.
You squeeze the orc, but do no damage.
The orc is heavily wounded.
You constrict the orc, but do no damage.
The orc hits you with a +0 dagger.
You die...

#............####..####....#..###
.............#....## ####.......
...............#### ###........
..............## ##..........
............#.# ##..##.......
..#...........#######..###.......
###................#..####.......
.............###o..#.####........
..#..........# #@..#...##........
............(###...###........#..
............(()..รท..........####.
..###......#####............# #.
..# ######## #............# #. ###
#............# ## #............# #
############## # #


You could see an orc.

Vanquished Creatures
  2 orc wizards (D:2)
  2 adders (D:2)
  2 dart slugs (D:1)
  A ball python (D:1)
  3 giant cockroaches
  6 goblins
  5 hobgoblins
  6 jackals
  4 kobolds
  4 bats
  A frilled lizard (D:1)
  4 rats
40 creatures vanquished.

Notes
Turn   | Place    | Note
-------+----------+-------------------------------------------
     0 | D:1      | BlueFish the Octopode Transmuter began the quest for the
                  | Orb.
     0 | D:1      | Reached XP level 1. HP: 13/13 MP: 3/3
   235 | D:1      | Reached XP level 2. HP: 18/18 MP: 5/5
   240 | D:1      | Learned a level 2 spell: Sticks to Snakes
   648 | D:1      | Reached XP level 3. HP: 22/23 MP: 4/6
   649 | D:1      | Reached skill level 1 in Stealth
   655 | D:1      | Learned a level 3 spell: Spider Form
  1396 | D:2      | Reached XP level 4. HP: 10/29 MP: 5/7
  1410 | D:2      | Reached XP level 5. HP: 7/34 MP: 1/8
  1420 | D:1      | Slain by an orc

Levels and vault maps discovered:
D:1:      shiori_shiawase, layout_rooms, minmay_misc_feat_pillars
D:2:      layout_basic, first_ration

Skill      XL: |  1  2  3 |
---------------+----------+-----
Stealth        | 1 |  1.9
Fighting       | |  1.8
Dodging        | |  2.4
Unarmed Combat | |  3.9
Spellcasting   | |  2.5
Transmutations | |  2.7

Action                   |  1- 3 |  4- 6 || total
-------------------------+-------+-------++-------
Melee: Unarmed           |    75 |     9 ||    84
       Constrict         |    20 |     3 ||    23
       Kick              |    18 |     2 ||    20
       Tentacles         |    10 |     2 ||    12
       Punch             |     1 |       ||     1
 Cast: Beastly Appendage |    22 |     1 ||    23
       Sticks to Snakes  |     1 |     1 ||     2
  Use: Potion            |       |     1 ||     1
 Stab: Sleeping          |     3 |       ||     3
  Eat: Chunk             |     2 |       ||     2
Armor: Skin              |    10 |       ||    10
Dodge: Dodged            |    46 |     5 ||    51

Table legend:
 A = Non-vault XP
 B = Vault XP
 C = Vault XP percentage of total XP
 D = Non-vault monster count
 E = Vault monster count
 F = Vault count percentage of total count
                 A         B        C        D         E       F
            +---------+---------+-------+---------+---------+-------
      Total |     166 |       0 |   0.0 |      40 |       0 |   0.0
            +---------+---------+-------+---------+---------+-------
        D:1 |      43 |       0 |   0.0 |      23 |       0 |   0.0
        D:2 |     123 |       0 |   0.0 |      17 |       0 |   0.0
            +---------+---------+-------+---------+---------+-------
